 Dungeon Sprint DCSS version 0.17-a0-2024-gc284f19 (webtiles) character file.

202 Ordine the Unseen (level 5, -2/36 HPs)
             Began as a Spriggan Enchanter on Oct 10, 2015.
             Was an Initiate of Kikubaaqudgha.
             Slain by a spriggan
             ... wielding a +0 rapier
              (10 damage)
             ... in the Dungeon (Sprint IV: "Fedhas' Mad Dash").
             The game lasted 00:02:28 (162 turns).

Ordine the Unseen (Spriggan Enchanter)               Turns: 162, Time: 00:02:28

Health: -2/36      AC:  4    Str:  9    XL:     5   Next: 50%
Magic:  9/10       EV: 18    Int: 18    God:    Kikubaaqudgha [......]
Gold:   58         SH:  0    Dex: 16    Spells: 3 memorised, 3 levels left

rFire  . . .     SeeInvis +     a - +1 dagger
rCold  . . .     Clarity  .     b - +2 robe
rNeg   . . .     SustAt   .     (shield restricted)
rPois  .         Gourm    .     (helmet restricted)
rElec  .         Spirit   .     (no cloak)
rCorr  .         Warding  .     (gloves unavailable)
rMut   .         NoTele   +     (boots unavailable)
MR     .....                    (no amulet)
Stlth  ..........               (no ring)
                                k - ring of invisibility

@: berserking, very quick, not resistant to hostile enchantments, extremely
unstealthy
A: unfitting armour, see invisible, herbivore 3, speed 3, slow metabolism 2
a: Renounce Religion, Evoke Invisibility


You were in the Dungeon.
You worshipped Kikubaaqudgha.
Kikubaaqudgha was noncommittal.
You were not hungry.

You visited 1 branch You collected 58 gold pieces.

Inventory:

Hand Weapons
 a - a +1 dagger (weapon)
Armour
 b - a +2 robe (worn)
Jewellery
 k - a ring of invisibility (left hand)
Scrolls
 j - a scroll of blinking
Potions
 e - a potion of curing
 f - a potion of invisibility {unknown}
 g - a potion of haste
 h - 2 potions of magic
 l - a potion of brilliance {unknown}
Books
 c - a book of Maledictions

   Spells                             Type                      Level
   a - Corona                         Hexes                        1
   b - Ensorcelled Hibernation        Hexes/Ice                    2
   c - Confuse                        Hexes                        3
   d - Tukima's Dance                 Hexes                        3
   e - Dazzling Spray                 Conjuration/Hexes            3
Comestibles
 d - a bread ration
 m - 4 fruits


   Skills:
 - Level 1.1 Short Blades
 - Level 3.0 Dodging
 + Level 16.9 Stealth
 - Level 2.6 Spellcasting
 - Level 3.6 Hexes


You had 3 spell levels left.
You knew the following spells:

 Your Spells              Type           Power        Failure   Level  Hunger
a - Corona                Hex            ###....      4%          1    #......
b - Ensorcelled Hibernat  Hex/Ice        #.....       14%         2    ##.....
c - Confuse               Hex            ###.....     14%         3    ###....


Dungeon Overview and Level Annotations

Branches:
Dungeon (1/1)

Altars:
Cheibriados
Dithmenos
Elyvilon
Gozag
Kikubaaqudgha
Makhleb
Nemelex Xobeh
Okawaru
Qazlal
Ru
Sif Muna
Trog
Vehumet
Xom
Yredelemnul
Zin
The Shining One
Beogh
Jiyva
Lugonu


Innate Abilities, Weirdness & Mutations

You are tiny and cannot use many weapons and most armour.
You have supernaturally acute eyesight.
You are a herbivore.
You cover ground extremely quickly.
You need consume almost no food.


Message History

You barely miss the spriggan. The spriggan misses you.
You puncture the spriggan!
The spriggan is heavily wounded.
The spriggan hits you with a rapier!
You miss the spriggan.
The spriggan is heavily wounded.
The spriggan misses you.
You miss the spriggan.
The spriggan is heavily wounded.
The spriggan hits you with a rapier!
* * * LOW HITPOINT WARNING * * *
You hit the spriggan.
The spriggan is almost dead.
The spriggan hits you but does no damage.
You puncture the spriggan!
You kill the spriggan!
Kikubaaqudgha accepts your kill. The spriggan hits you with a rapier!
You die...
Kikubaaqudgha rasps: "You have failed me!
Welcome... death!"

######################
#.⌠.........⌠.#.@is..#
'._._._._._._.'.)#$.$#
#_._._._._._._#..# #+#
#._._._._._._.#..#
#.⌠...._....⌠.####
############### #


You could see a spriggan and a scorpion.

Vanquished Creatures
  A worker ant (D)
  4 oklob saplings (D)
  A spriggan (D)
  A river rat (D)
  A rat (D)
8 creatures vanquished.

Notes
Turn   | Place    | Note
--------------------------------------------------------------
     0 | D        | Ordine the Spriggan Enchanter began the quest for the Orb.
     0 | D        | Reached XP level 1. HP: 9/9 MP: 5/5
    38 | D        | Reached skill level 7 in Stealth
    38 | D        | Reached XP level 2. HP: 10/13 MP: 6/6
    43 | D        | Reached skill level 8 in Stealth
    50 | D        | Noticed an oklob sapling
    52 | D        | Killed an oklob sapling
    52 | D        | Reached skill level 10 in Stealth
    52 | D        | Reached XP level 3. HP: 12/16 MP: 8/8
    56 | D        | Learned a level 2 spell: Ensorcelled Hibernation
    60 | D        | Learned a level 3 spell: Confuse
    62 | D        | Noticed a worker ant
    65 | D        | Killed a worker ant
    65 | D        | Reached skill level 12 in Stealth
    85 | D        | Noticed an oklob sapling
    88 | D        | Killed an oklob sapling
    88 | D        | Reached skill level 13 in Stealth
    88 | D        | Reached XP level 4. HP: 18/21 MP: 9/9
   101 | D        | Found a snail-covered altar of Cheibriados.
   101 | D        | Found a glowing silver altar of Zin.
   101 | D        | Found a white marble altar of Elyvilon.
   101 | D        | Found a viscous altar of Jiyva.
   101 | D        | Found a radiant altar of Vehumet.
   101 | D        | Found a deep blue altar of Sif Muna.
   101 | D        | Found an ancient bone altar of Kikubaaqudgha.
   101 | D        | Found a bloodstained altar of Trog.
   101 | D        | Found a corrupted altar of Lugonu.
   101 | D        | Noticed an oklob sapling priest
   102 | D        | Found a burning altar of Makhleb.
   102 | D        | Found a sacrificial altar of Ru.
   103 | D        | Found a glowing golden altar of the Shining One.
   103 | D        | Found a sparkling altar of Nemelex Xobeh.
   104 | D        | Found a shadowy altar of Dithmenos.
   105 | D        | Found an iron altar of Okawaru.
   105 | D        | Found a shimmering altar of Xom.
   106 | D        | Found an opulent altar of Gozag.
   107 | D        | Found a basalt altar of Yredelemnul.
   107 | D        | Found a roughly hewn altar of Beogh.
   108 | D        | Killed an oklob sapling priest
   108 | D        | Reached skill level 15 in Stealth
   108 | D        | Reached XP level 5. HP: 21/24 MP: 10/10
   110 | D        | Found a stormy altar of Qazlal.
   118 | D        | Became a worshipper of Kikubaaqudgha
   138 | D        | Noticed an oklob sapling wizard
   144 | D        | Killed an oklob sapling wizard
   144 | D        | Reached skill level 16 in Stealth
   154 | D        | Noticed a scorpion
   162 | D        | Slain by a spriggan

Vault maps used:
D:        dungeon_sprint_fedhas

Action                   |  1- 3 |  4- 6 || total
-------------------------+-------+-------++-------
Melee: Dagger            |    30 |    11 ||    41
 Cast: Confuse           |       |     1 ||     1
  Use: Potion            |     1 |     1 ||     2
       Scroll            |       |     1 ||     1
 Stab: Sleeping          |     3 |     1 ||     4
       Confused          |       |     1 ||     1
